 Dungeon Crawl Stone Soup version 0.20-a0-792-g09bcfd3 (webtiles) character file.

39 nono the Chucker (level 3, -2/19 HPs)
             Began as a Vine Stalker Hunter on Feb 28, 2017.
             Slain by literallyhitler's ghost (3 damage)
             ... on level 4 of the Dungeon.
             The game lasted 00:03:20 (496 turns).

nono the Chucker (Vine Stalker Hunter)               Turns: 496, Time: 00:03:21

Health: -2/19      AC:  4    Str: 15    XL:     3   Next: 47%
Magic:  0/4        EV:  9    Int: 11    God:
Gold:   30         SH:  0    Dex: 14    Spells: 2/2 levels left

rFire    . . .     SeeInvis .   a - +0 short sword
rCold    . . .     Gourm    .   m - -2 scale mail (curse)
rNeg     . . .     Faith    .   (no shield)
rPois    .         Spirit   +   (no helmet)
rElec    .         Reflect  .   (no cloak)
rCorr    .         Harm     .   (no gloves)
MR       .....                  (no boots)
Stlth    ..........             (no amulet)
Regen    0.1/turn               (no ring)
MPRegen  0.1/turn               (no ring)

@: no status effects
A: fangs 2, magic shield, antimagic bite, no potion heal 3, rot immunity
a: no special abilities


You were on level 4 of the Dungeon.
You were not hungry.

You visited 1 branch of the dungeon, and saw 4 of its levels.

You collected 30 gold pieces.

Inventory:

Hand Weapons
 a - a +0 short sword (weapon)
Missiles
 d - 6 javelins (quivered)
Armour
 b - a +0 leather armour
 h - a +2 ring mail of fire resistance
 i - a +0 ring mail of cold resistance
 m - a cursed -2 scale mail (worn)
Jewellery
 e - an uncursed ring of ice
Scrolls
 j - 2 scrolls of enchant armour
Potions
 c - a potion of brilliance {unknown}
 k - a potion of curing {unknown}
 l - a potion of degeneration {unknown}
Comestibles
 f - 2 bread rations
 g - a royal jelly


   Skills:
 + Level 2.4 Fighting
 + Level 1.2 Short Blades
 - Level 4.0 Throwing
 - Level 1.5 Dodging
 - Level 1.2 Stealth


You had 2 spell levels left.
You didn't know any spells.

Dungeon Overview and Level Annotations

Branches:
Dungeon (4/15)
 Temple: D:4-7

Altars:

Annotations:
D:4 literallyhitler's ghost, amateur DsWn


Innate Abilities, Weirdness & Mutations

You have extremely sharp teeth.
When hurt, damage is shared between your health and your magic reserves.
Your bite disrupts and absorbs the magic of your enemies.
Potions cannot restore your health.
You are immune to rotting.


Message History

Literallyhitler's ghost whispers, "You will understand me better in a moment."
You see here a robe.
Literallyhitler's ghost hits you.
* * * LOW HITPOINT WARNING * * *
Found a hand axe.
You see here an orange potion.
c - an orange potion Literallyhitler's ghost closely misses you.
You closely miss literallyhitler's ghost.
Literallyhitler's ghost hits you.
* * * LOW HITPOINT WARNING * * *
Literallyhitler's ghost grins evilly.
Okay, then.
You aren't carrying any items that you can evoke.
Unknown command.
Literallyhitler's ghost takes a fighting stance.
Literallyhitler's ghost hits you.
* * * LOW HITPOINT WARNING * * *
Literallyhitler's ghost hits you.
You die...

######## #### #......####...#
#.............#
.#####.............#
....................# .##
....................# .. ..
.............@W.....# .# ...
...............##########$###...
...............†..............%.
.).............#######..........
.....##........# #..........
.......##......# ###........
.............### ###...#....
...............# #.....#....
.........#####.# #.#..##...#


You could see literallyhitler's ghost.

Vanquished Creatures
  Ijyb (D:3)
  An ooze (D:2)
  A dart slug (D:1)
  A leopard gecko (D:1)
  2 giant cockroaches
  A bat (D:2)
  2 rats (D:1)
9 creatures vanquished.

Notes
Turn   | Place    | Note
-------+----------+-------------------------------------------
     0 | D:1      | nono the Vine Stalker Hunter began the quest for the Orb.
     0 | D:1      | Reached XP level 1. HP: 11/11 MP: 2/2
   189 | D:1      | Reached skill level 4 in Throwing
   189 | D:1      | Reached XP level 2. HP: 9/15 MP: 3/3
   294 | D:3      | Noticed Ijyb
   326 | D:3      | Killed Ijyb
   326 | D:3      | Reached skill level 1 in Short Blades
   326 | D:3      | Reached XP level 3. HP: 6/19 MP: 1/4
   416 | D:4      | Noticed literallyhitler's ghost (amateur DsWn)
   496 | D:4      | Slain by literallyhitler's ghost

Vault maps used:
D:1:      sevenhm_arrival_forest_fort_small_3
D:2:      grunt_temple_overflow_opulence, minmay_octomino_j4
D:3:      minmay_diamond_boxcup, cheibrodos_gnoll_hut, uniq_terence, uniq_iyjb
D:4:      lemuel_upstairs_altar, minmay_temple_entry_hall

Skill      XL: |  1  2 |
---------------+-------+-----
Throwing       | 4 |  4.0
Fighting       | 2 |  2.4
Short Blades   | 1 |  1.2
Dodging        | |  1.5
Stealth        | |  1.2

Action                   || total
-------------------------++-------
Melee: Short sword       ||    51
       Bite              ||    18
Throw: Javelin           ||     7
       Throwing net      ||     4
  Use: Scroll            ||     2
       Potion            ||     1
 Stab: Held in net/web   ||     2
Armor: Ring mail         ||     1
       Scale mail        ||    14
Dodge: Dodged            ||    25
